 Dungeon Crawl Stone Soup version 0.17.1-1-g73c8601 (webtiles) character file.

4347 fredomojojo the Protected (level 10, -2/86 HPs)
             Began as a Minotaur Fighter on Dec 21, 2015.
             Was a Believer of Trog.
             Hit by a large rock thrown by a cyclops (32 damage)
             ... on level 9 of the Dungeon.
             The game lasted 01:26:36 (6193 turns).

fredomojojo the Protected (Minotaur Fighter)        Turns: 6193, Time: 01:26:37

Health: -2/86      AC: 18    Str: 30    XL:     10   Next: 12%
Magic:  9/9        EV:  7    Int:  5    God:    Trog [**....]
Gold:   348        SH: 12    Dex:  9    Spells: 0 memorised, 9 levels left

rFire  . . .     SeeInvis .     w - +0 long sword (slice)
rCold  . . .     Clarity  .     L - +0 plate armour
rNeg   . . .     SustAt   .     c - +0 shield
rPois  .         Gourm    .     (helmet restricted)
rElec  .         Spirit   .     (no cloak)
rCorr  .         Warding  .     (no gloves)
rMut   .         Stasis   .     (no boots)
MR     +....                    X - amulet of regeneration
Stlth  ..........               O - ring "Uwnemyl" {Wiz Str+5}
                                I - ring of protection from magic

@: exhausted, slowed, very slow, somewhat resistant to hostile enchantments,
extremely unstealthy
A: retaliatory headbutt, fangs 1, horns 2, iridescent scales 1, MP-powered wands
a: Berserk, Trog's Hand, Burn Spellbooks, Renounce Religion


You were on level 9 of the Dungeon.
You worshipped Trog.
Trog was pleased with you.
You were not hungry.

You visited 1 branch of the dungeon, and saw 11 of its levels.

You collected 348 gold pieces.

Inventory:

Hand Weapons
 q - a +0 hunting sling
 w - a +0 long sword of slicing (weapon)
 D - a +2 short sword of speed
 S - a +0 battleaxe
Missiles
 e - 7 javelins
 h - 26 sling bullets
 n - 89 stones
 o - 6 tomahawks (quivered)
 A - 2 tomahawks of returning
Armour
 c - a +0 shield (worn)
 L - a +0 plate armour (worn)
Jewellery
 b - an uncursed ring of protection from cold
 r - an uncursed ring of protection from fire
 I - a ring of protection from magic (left hand)
 O - the ring "Uwnemyl" (right hand) {Wiz Str+5}
   (You found it on level 6 of the Dungeon)

   [ring of wizardry]

   It improves your spell success rate.
   It affects your strength (+5).
 X - an amulet of regeneration (around neck)
Wands
 Q - a wand of slowing (24)
 R - a wand of digging (15)
 W - a wand of digging (12)
Scrolls
 k - a scroll of vulnerability {unknown}
 l - 2 scrolls of enchant weapon {unknown}
 m - a scroll of enchant armour {unknown}
 s - a scroll of magic mapping
 t - a scroll of immolation
 u - 3 scrolls of random uselessness {unknown}
 y - a scroll of noise
 B - 5 scrolls of remove curse
 F - a scroll of teleportation {unknown}
 G - a scroll of fear
 H - a scroll of recharging {unknown}
 J - a scroll of fog {unknown}
 N - a scroll of amnesia {unknown}
 V - a scroll of blinking {unknown}
Potions
 d - 4 potions of might
 f - 2 potions of resistance
 g - a potion of lignification
 i - 3 potions of flight
 p - a potion of poison
 K - 3 potions of curing
 M - a potion of invisibility {unknown}
 P - 2 potions of agility
 T - 2 potions of brilliance {unknown}
 U - a potion of degeneration {unknown}
Comestibles
 a - 2 meat rations
 j - 6 fruits
 v - 10 royal jellies
 x - a slice of pizza
 z - 3 beef jerkies
 C - 3 bread rations
 E - a chunk of flesh


   Skills:
 + Level 7.5 Fighting
 + Level 3.7(5.0) Short Blades
 + Level 5.5(6.2) Long Blades
 + Level 3.1(5.9) Slings
 + Level 7.2(7.4) Throwing
 + Level 8.8 Armour
 + Level 2.6 Dodging
 + Level 0.5 Stealth
 + Level 8.4 Shields


You had 9 spell levels left.
You didn't know any spells.

Dungeon Overview and Level Annotations

Branches:
Dungeon (11/15)            Temple (0/1) D:7             Orc (0/4) D:9
   Lair: D:8-11

Altars:
Gozag
Makhleb
Ru
Trog
Vehumet
Yredelemnul
The Shining One

Shops:
D:4 (   D:6 ((


Innate Abilities, Weirdness & Mutations

You reflexively headbutt those who attack you in melee.
You have a pair of horns on your head.
You have very sharp teeth.
You are partially covered in iridescent scales (AC +4).
You expend magic power (3 MP) to strengthen your wands.


Message History

You throw a tomahawk. The tomahawk barely misses the cyclops.
Throwing (i - inventory. (,) - cycle):
o - 9 tomahawks (quivered)
Press: ? - help, Shift-Dir - straight line, f/p - cyclops
Aim: a cyclops You throw a tomahawk.
The tomahawk hits the cyclops but does no damage.
The cyclops throws a large rock.
The large rock hits you!!
Throwing (i - inventory. (,) - cycle):
o - 8 tomahawks (quivered)
Press: ? - help, Shift-Dir - straight line, f/p - cyclops
Aim: a cyclops You throw a tomahawk.
The tomahawk hits the cyclops!
The cyclops is lightly wounded.
A rat comes into view.
Throwing (i - inventory. (,) - cycle):
o - 7 tomahawks (quivered)
Press: ? - help, Shift-Dir - straight line, f/p - cyclops
Aim: a cyclops (lightly wounded)
You throw a tomahawk. The tomahawk hits the cyclops!
The cyclops is moderately wounded.
The cyclops throws a large rock.
The large rock hits you!!
You die...

(# rr ##C #..
.. #♣#.# +...#
♣@#######
♣♣♣.......#
#.........#
#.........#
####......†>.#
#.........<...#
..###.........#
#######.### ..#


You could see a cyclops and 2 rats.

Vanquished Creatures
  A hill giant (D:9)
  2 wyverns
  A hungry ghost (D:8)
  2 soldier ants (D:8)
  2 orc warriors (D:7)
  2 black bears
  A spider (D:8)
  3 wasps
  2 phantoms
  An eye of draining (D:11)
  A sky beast (D:7)
  8 ogres
  4 centaurs
  A crocodile (D:8)
  A giant frog (D:8)
  A scorpion (D:8)
  A killer bee (D:10)
  A crimson imp (D:7)
  An orc priest (D:5)
  3 orc wizards
  6 hounds
  Ijyb (D:3)
  A giant frog zombie (D:5)
  A quasit (D:7)
  5 iguanas
  7 worker ants
  The ghost of fredomojojo the Charlatan, a weakling MiAr (D:3)
  A hound skeleton (D:4)
  8 adders
  A shadow imp (D:8)
  4 oozes
  An adder skeleton (D:4)
  3 worms
  5 giant geckos
  29 orcs
  A ball python (D:1)
  4 bats
  2 giant cockroaches
  3 hobgoblins
  10 jackals
  2 giant gecko skeletons
  3 giant newts
  7 goblins
  4 kobolds
  5 quokkas
  9 rats
163 creatures vanquished.

Notes
Turn   | Place    | Note
--------------------------------------------------------------
     0 | D:1      | fredomojojo the Minotaur Fighter began the quest for the Orb.
     0 | D:1      | Reached XP level 1. HP: 19/19 MP: 0/0
    72 | D:1      | Reached XP level 2. HP: 25/27 MP: 1/1
   114 | D:1      | Reached skill level 4 in Shields
   703 | D:2      | Found a basalt altar of Yredelemnul.
   710 | D:2      | Reached XP level 3. HP: 31/33 MP: 2/2
  1104 | D:2      | Reached XP level 4. HP: 38/40 MP: 3/3
  1597 | D:3      | Noticed a phantom
  1627 | D:3      | Killed a phantom
  1627 | D:3      | Reached skill level 5 in Armour
  1627 | D:3      | Reached skill level 1 in Dodging
  1627 | D:3      | Reached XP level 5. HP: 33/47 MP: 4/4
  1665 | D:3      | Reached skill level 1 in Throwing
  1853 | D:3      | Noticed Ijyb
  1856 | D:3      | Noticed fredomojojo's ghost (weakling MiAr)
  1862 | D:3      | Killed Ijyb
  1862 | D:3      | Reached skill level 5 in Shields
  1869 | D:3      | Killed fredomojojo's ghost
  1869 | D:3      | Reached skill level 1 in Slings
  1869 | D:3      | Reached XP level 6. HP: 45/53 MP: 5/5
  2115 | D:4      | Noticed a centaur
  2124 | D:4      | Killed a centaur
  2366 | D:4      | Found Istrifaitz's Antique Weapon Boutique.
  2658 | D:5      | Entered Level 5 of the Dungeon
  2747 | D:5      | Noticed a wyvern
  2998 | D:5      | Reached skill level 5 in Fighting
  2998 | D:5      | Reached skill level 6 in Armour
  2998 | D:5      | Reached XP level 7. HP: 45/61 MP: 6/6
  3010 | D:5      | Found a bloodstained altar of Trog.
  3015 | D:5      | Found an opulent altar of Gozag.
  3016 | D:5      | Found a radiant altar of Vehumet.
  3016 | D:5      | Found a sacrificial altar of Ru.
  3016 | D:5      | Found a glowing golden altar of the Shining One.
  3017 | D:5      | Found a burning altar of Makhleb.
  3030 | D:5      | Became a worshipper of Trog the Wrathful
  3651 | D:5      | Killed a wyvern
  3651 | D:5      | Reached XP level 8. HP: 58/69 MP: 7/7
  4006 | D:5      | Reached skill level 5 in Long Blades
  4119 | D:6      | Found Eris Heb's Weapon Boutique.
  4207 | D:6      | Found Etoi's Antique Weapon Shoppe.
  4238 | D:6      | Got a coiled copper ring
  4240 | D:6      | Identified the ring "Uwnemyl" {Wiz Str+5} (You found it on level 6 of the Dungeon)
  4505 | D:7      | Reached * piety under Trog
  4505 | D:7      | Reached skill level 7 in Armour
  4515 | D:7      | Gained mutation: You have very sharp teeth. [mutagenic meat]
  4516 | D:7      | Gained mutation: You expend magic power (3 MP) to strengthen your wands. [mutagenic meat]
  4519 | D:7      | Gained mutation: You are partially covered in iridescent scales (AC +4). [mutagenic meat]
  4798 | D:7      | Reached skill level 5 in Throwing
  4798 | D:7      | Reached XP level 9. HP: 53/77 MP: 8/8
  4812 | D:7      | Reached skill level 1 in Short Blades
  4952 | D:7      | Found a staircase to the Ecumenical Temple.
  5156 | D:7      | Noticed a moth of wrath
  5159 | D:7      | Found a bloodstained altar of Trog.
  5280 | D:8      | Reached ** piety under Trog
  5330 | D:8      | You fall through a shaft for 3 floors!
  5404 | D:10     | Entered Level 10 of the Dungeon
  5422 | D:10     | Reached skill level 8 in Armour
  5508 | D:9      | Noticed a hill giant
  5519 | D:9      | Killed a hill giant
  5926 | D:8      | Reached XP level 10. HP: 86/86 MP: 9/9
  6171 | D:9      | Found a staircase to the Orcish Mines.
  6189 | D:9      | Noticed a cyclops
  6193 | D:9      | Hit by a large rock thrown by a cyclops

Action                   |  1- 3 |  4- 6 |  7- 9 | 10-12 || total
-------------------------+-------+-------+-------+-------++-------
Melee: Long sword        |    65 |   114 |   140 |    21 ||   340
       Short sword       |       |       |   142 |       ||   142
 Fire: Hunting sling     |       |    29 |     3 |       ||    32
Throw: Tomahawk          |     9 |    19 |   106 |     8 ||   142
       Javelin           |       |     2 |     5 |       ||     7
Invok: Berserk           |       |       |     1 |     1 ||     2
       Burn Spellbooks   |       |       |     1 |       ||     1
  Use: Scroll            |     5 |     2 |     4 |       ||    11
       Potion            |       |       |     3 |     1 ||     4
  Eat: Bread ration      |     1 |       |       |       ||     1
       Meat ration       |       |     1 |       |       ||     1
       Chunk             |       |       |    13 |     2 ||    15
       Beef jerky        |       |       |     1 |       ||     1
